 Dungeon Sprint DCSS version 0.16-a0-3807-g3748f16 (console) character file.

364 mauris the Cleaver (level 6, 38/67 HPs)
             Began as a Deep Dwarf Fighter on Jan 28, 2015.
             Was an Initiate of Makhleb.
             Quit the game in the Dungeon (Sprint I: "Red Sonja").
             The game lasted 00:03:17 (159 turns).

mauris the Cleaver (Deep Dwarf Fighter)              Turns: 159, Time: 00:03:17

Health: 38/67      AC:  6    Str: 19    XL:     6   Next: 39%
Magic:  6/6        EV:  7    Int:  9    God:    Makhleb [......]
Gold:   324        SH:  9    Dex: 14    Spells: 0 memorised, 5 levels left

rFire  . . .     SeeInvis .     a - +0 war axe
rCold  . . .     Clarity  .     b - +0 scale mail
rNeg   . . .     SustAb   .     c - +0 shield
rPois  .         Gourm    .     (no helmet)
rElec  .         Spirit   .     (no cloak)
rCorr  .         Warding  .     (no gloves)
rMut   .         NoTele   +     (no boots)
MR     .....                    (no amulet)
Stlth  ..........               (no ring)
                                (no ring)

@: lethally poisoned, short of breath, non-regenerating, slowed, very slow, not
resistant to hostile enchantments, extremely unstealthy
A: damage resistance, recharge devices, sense surroundings 1, slow healing 3
a: Device Recharging, Renounce Religion


You were in the Dungeon.
You worshipped Makhleb.
Makhleb was noncommittal.
You were not hungry.

You visited 1 branch You collected 324 gold pieces.

Inventory:

Hand weapons
 a - a +0 war axe (weapon)
Armour
 b - a +0 scale mail (worn)
 c - a +0 shield (worn)
Magical devices
 d - a wand of heal wounds (1) {@v2}
Scrolls
 l - a scroll of blinking
Potions
 e - a potion of might
 i - a potion of haste {@q3}
 j - 2 potions of magic
 k - a potion of berserk rage {!q}
Comestibles
 f - 2 bread rations
 m - 8 chunks of flesh


   Skills:
 + Level 7.9 Fighting
 - Level 12.1 Axes
 - Level 3.2 Armour
 - Level 3.2 Shields


You had 5 spell levels left.
You didn't know any spells.

Dungeon Overview and Level Annotations

Branches:
Dungeon (1/1)

Altars:
Elyvilon
Gozag
Kikubaaqudgha
Makhleb
Nemelex Xobeh
Okawaru
Qazlal
Ru
Sif Muna
Trog
Vehumet
Xom
Yredelemnul
Zin
The Shining One

Shops:
D %

Annotations:
D Sonja


Innate Abilities, Weirdness & Mutations

You are resistant to damage.
You can recharge devices by infusing magical energy.
You passively map a small area around you.
You do not heal naturally.


Message History

Your shield and scale mail prevent you from hitting Sonja.
You feel extremely sick.
Sonja mumbles some strange words.
Sonja blinks!
Sonja unwields an uncursed short sword of venom.
It stops dripping with poison.
Sonja wields an uncursed blowgun.
Sonja shoots a curare-tipped needle.
The curare-tipped needle hits you.
You are more poisoned.
You have difficulty breathing.
You feel as though you will be slow longer.
Sonja casts a spell.
Sonja blinks!
Huge Dmg: -18%(-12hp) hp: 35%(23hp) Drink which item? (? for menu, Esc to quit)
You feel much better.
You feel extremely sick.
Unknown command.
Evoke which item? (* to show all) (? for menu, Esc to quit)
Okay, then.
Are you sure you want to abandon this character and quit the game? (Confirm with "yes".)

#<.#..'..#..'..# *
+ #..)..#..').#..+
#..#####'#####'#__
#.)####..#...#K#
#..#__####..##.# ,
#..#_..__##'#..+ ~
, +
#}}#_.\...'..._# ,
####_..._##_.#+# +
#_____###q#,
#########(## * ,
+..$+ , , + **
#$.$# * , *##.## ,
#+# ,, * , * ,, *


You could see Sonja.

Vanquished Creatures
  A yak (D)
  An ogre (D)
  Sigmund (D)
  A jelly (D)
  Ijyb (D)
5 creatures vanquished.

Vanquished Creatures (others)
  A gargoyle (D)
1 creature vanquished.

Grand Total: 6 creatures vanquished

Notes
Turn   | Place    | Note
--------------------------------------------------------------
     0 | D        | mauris, the Deep Dwarf Fighter, began the quest for the Orb.
     0 | D        | Reached XP level 1. HP: 20/20 MP: 1/1
     3 | D        | Noticed Ijyb
    19 | D        | Killed Ijyb
    19 | D        | Reached skill level 5 in Axes
    19 | D        | Reached XP level 2. HP: 27/27 MP: 2/2
    24 | D        | Noticed an ogre
    28 | D        | Huge Dmg: 7 Dmg
    32 | D        | Huge Dmg: 4 Dmg
    33 | D        | Huge Dmg: 4 Dmg
    38 | D        | Huge Dmg: 17 Dmg
    47 | D        | Killed an ogre
    47 | D        | Reached skill level 10 in Axes
    47 | D        | Reached XP level 3. HP: 33/33 MP: 3/3
    47 | D        | Reached XP level 4. HP: 40/40 MP: 4/4
    63 | D        | Noticed Sigmund
    83 | D        | Killed Sigmund
    83 | D        | Reached skill level 12 in Axes
    83 | D        | Reached XP level 5. HP: 37/46 MP: 5/5
    99 | D        | Found a deep blue altar of Sif Muna.
   100 | D        | Noticed a jelly
   101 | D        | Found a radiant altar of Vehumet.
   104 | D        | Killed a jelly
   112 | D        | Found Gulakh Zeschu's Food Emporium.
   112 | D        | Found a white marble altar of Elyvilon.
   112 | D        | Found a stormy altar of Qazlal.
   112 | D        | Found a burning altar of Makhleb.
   112 | D        | Found a sacrificial altar of Ru.
   112 | D        | Found a basalt altar of Yredelemnul.
   112 | D        | Found a glowing golden altar of the Shining One.
   112 | D        | Found a sparkling altar of Nemelex Xobeh.
   112 | D        | Found a shimmering altar of Xom.
   112 | D        | Found an opulent altar of Gozag.
   112 | D        | Found an ancient bone altar of Kikubaaqudgha.
   112 | D        | Found a glowing silver altar of Zin.
   112 | D        | Noticed a yak
   117 | D        | Killed a yak
   117 | D        | Reached XP level 6. HP: 34/67 MP: 6/6
   119 | D        | Found an iron altar of Okawaru.
   132 | D        | Found a bloodstained altar of Trog.
   136 | D        | Became a worshipper of Makhleb the Destroyer
   140 | D        | Killed a gargoyle
   145 | D        | Noticed Sonja
   158 | D        | Huge Dmg: 12 Dmg
   159 | D        | Quit the game

Action                   |  1- 3 |  4- 6 || total
-------------------------+-------+-------++-------
Melee: War axe           |    31 |    24 ||    55
Evoke: Wand              |     3 |     1 ||     4
  Use: Potion            |       |     2 ||     2

Vault maps used:
D:        dungeon_sprint_1
